Kradschützen Motorcycle Team
Selects Armored Support Battlegroup
Construct Light Support Kompanie
Selects Superior Fire Drills
Construct Mechanized Kompanie
Panzerjäger Mechanized Group
Selects Vehicle Awareness
Marder III Tank Destroyer
Marder III Tank Destroyer
Marder III Tank Destroyer
Kradschützen Motorcycle Team
Selects Flammpanzer III Medium Tank Sd.Kfz. 141
254 Reconnaissance Tractor
Flammpanzer III Medium Tank
Marder III Tank Destroyer
Marder III Tank Destroyer
Flammpanzer III Medium Tank
Flammpanzer III Medium Tank